 Dungeon Crawl Stone Soup version 0.29-a0-653-gd47aff6735 (webtiles) character file.

Game seed: 2468727760425979250

608 omnomnOMINOUS the Sneak (level 7, 0/49 HPs)
             Began as an Octopode Wanderer on June 21, 2022.
             Was a Priest of Sif Muna.
             Slain by Duvessa
             ... wielding a +0 short sword
              (4 damage)
             ... on level 4 of the Dungeon.
             The game lasted 00:09:15 (4232 turns).

omnomnOMINOUS the Sneak (Octopode Wanderer)         Turns: 4232, Time: 00:09:17

Health: 0/49       AC:  1    Str: 12 (13) XL:     7   Next: 43%
Magic:  10/10      EV: 14    Int: 13 (14) God:    Sif Muna [***...]
Gold:   135        SH:  5    Dex: 12 (14) Spells: 0/10 levels left

rFire   . . .      SeeInvis .   a - +5 short sword
rCold   . . .      Faith    .   (no shield)
rNeg    . . .      Spirit   .   (helmet restricted)
rPois   .          Reflect  +   b - amulet of reflection
rElec   +          Harm     .   (no ring)
rCorr   .          Rampage  .   (no ring)
Will    .....                   (no ring)
Stlth   ++++......              (no ring)
HPRegen 0.16/turn               (no ring)
MPRegen 0.12/turn               (no ring)
                                (no ring)
                                (no ring)

@: mighty, attractive, flying
A: almost no armour, amphibious, 8 rings, camouflage 1, gelatinous body 1,
(nimble swimmer 1), tentacles, tentacle spike 1, electricity resistance, strong
1
a: Renounce Religion, Channel Magic, Forget Spell


You were on level 4 of the Dungeon.
You worshipped Sif Muna.
Sif Muna was most pleased with you.
You visited 1 branch of the dungeon, and saw 4 of its levels.
You also visited: Ossuary.

You collected 135 gold pieces.

Inventory:

Hand Weapons
 a - a +5 short sword (weapon)
 r - a +2 flail of holy wrath
 x - a +2 mace of holy wrath
Missiles
 w - 2 curare-tipped darts
Jewellery
 b - an amulet of reflection (around mantle)
Scrolls
 d - a scroll of identify {unknown}
 e - a scroll of summoning {unknown}
 f - 2 scrolls of immolation {unknown}
 g - a scroll of fear {unknown}
 h - a scroll of fog
 k - 2 scrolls of blinking {unknown}
 l - a scroll of brand weapon {unknown}
 q - a scroll of noise {unknown}
 v - 3 scrolls of enchant armour {unknown}
Potions
 i - 3 potions of curing
 j - 2 potions of degeneration
 m - 2 potions of flight
 n - 5 potions of haste
 o - 2 potions of heal wounds {unknown}
 s - 2 potions of attraction
 t - a potion of lignification {unknown}
 u - 2 potions of mutation


   Skills:
 + Level 4.7 Fighting
 + Level 3.4 Dodging
 - Level 5.3 Stealth
 - Level 2.0 Spellcasting
 + Level 3.1 Conjurations
 + Level 4.5 Earth Magic


You couldn't memorise any spells.
You knew the following spells:

 Your Spells              Type           Power      Damage    Failure   Level
a - Sandblast             Erth           26%        2d8       4%          1
b - Stone Arrow           Conj/Erth      22%        3d8       16%         3
c - Passwall              Tmut/Erth      5%         N/A       16%         2
d - Summon Lightning Spi  Summ/Air       1%         N/A       94%         4

Your spell library contained the following spells:

 Spells                   Type           Power      Damage    Failure   Level
 Magic Dart               Conj           36%        1d4       7%          1
 Call Imp                 Summ           1%         N/A       36%         2
 Mephitic Cloud           Conj/Pois/Air  3%         N/A       45%         3
 Inner Flame              Hex/Fire       1%         N/A       58%         3
 Airstrike                Air            0%         N/A       94%         4
 Cause Fear               Hex            0%         N/A       94%         4
 Lightning Bolt           Conj/Air       2%         1d14      98%         5
 Discord                  Hex            0%         N/A       100%        8


Dungeon Overview and Level Annotations

Branches:
Dungeon (4/15)            Ossuary (visited)
 Temple: D:4-7

Altars:
Sif Muna

Annotations:
D:3 3 runed translucent doors, SuperHamster's ghost, amateur OpCj
D:4 Dowan; Duvessa


Innate Abilities, Weirdness & Mutations

You cannot wear most types of armour.
You are amphibious.
You can wear up to eight rings at the same time.
Your skin changes colour to match your surroundings (Stealth+).
Your rubbery body absorbs attacks. (AC +1, EV +1)
((You are camouflaged when in or above water. (Stealth+)))
You have tentacles for arms and can constrict up to eight enemies at once.
One of your tentacles bears a spike.
You are resistant to electric shocks. (rElec)
Your muscles are strong. (Str +4, Int/Dex-1)


Message History

The adder is heavily wounded.
You constrict the adder.
You feel sick. The adder closely misses you. The adder barely misses you.
You puncture the adder!
You kill the adder!
Sif Muna accepts your kill.
You feel sick. Duvessa barely misses you.
You barely miss Duvessa. Your grab misses Duvessa. You squeeze Duvessa!
Duvessa is moderately wounded.
You feel sick. Duvessa hits you with a +0 short sword!
You closely miss Duvessa. You grab Duvessa.
Duvessa is moderately wounded.
You constrict Duvessa, but do no damage.
You feel sick. Duvessa hits you with a +0 short sword.
It was a potion of curing.
You feel better.
You constrict Duvessa. Duvessa hits you with a +0 short sword.
It was a potion of degeneration.
There was something very wrong with that liquid.
You feel weakened.
You feel dopey.
You feel clumsy.
You constrict Duvessa. Duvessa closely misses you. The goblin misses you.
Dowan gestures wildly while chanting.
Dowan blinks!
It was a potion of flight.
You feel very buoyant.
You fly up into the air.
You constrict Duvessa. The goblin barely misses you.
Duvessa hits you with a +0 short sword!
* * * LOW HITPOINT WARNING * * *
It was a potion of attraction.
You feel attractive to monsters.
You constrict Duvessa, but do no damage.
Duvessa hits you with a +0 short sword!
* * * LOW HITPOINT WARNING * * *
The goblin barely misses you.
It was a potion of mutation.
You feel extremely strange.
You feel stronger.
One of your lower tentacles grows a sharp spike.
You feel insulated.
You constrict Duvessa. The goblin misses you.
Duvessa hits you with a +0 short sword.
You die...

h......?.#
##..###........###.
S....$....n
..........####..#..
..........## ##.####..##
##.... .W........# #.##
##.#. ........[.# #.##
####.#. ..........# ##
#(.# #....#.
...........####.
#..####.####.
......e#####..##...####.
#@......##.##..<..
......g.#####.##.##.....
.....#### ###..#.##.....
.... #.......#.<... ...
#.......#....# $.
#.......#....# .
#########†...# ######


You could see Duvessa and a goblin.

Vanquished Creatures
  Edmund (D:4)
  4 water moccasin zombies (Ossuary)
  An orc priest (D:4)
  An iguana (D:4)
  3 mummies
  8 adders
  A white imp (D:3)
  An ufetubus (D:3)
  5 adder zombies (Ossuary)
  3 dart slugs
  4 orcs
  3 endoplasms
  A giant cockroach (D:2)
  5 gnoll zombies (Ossuary)
  6 goblins
  3 hobgoblins
  4 jackals
  4 quokkas
  5 ball pythons
  6 bats
  2 frilled lizards
  2 goblin zombies (D:4)
  7 hobgoblin zombies (Ossuary)
  4 kobolds
  4 kobold zombies (Ossuary)
  An orc zombie (Ossuary)
  2 rats (D:1)
91 creatures vanquished.

Vanquished Creatures (others)
  4 plants (D:3)
4 creatures vanquished.

Grand Total: 95 creatures vanquished

Notes
Turn   | Place    | Note
-------+----------+-------------------------------------------
     0 | D:1      | omnomnOMINOUS the Octopode Wanderer began the quest for the
                  | Orb.
     0 | D:1      | omnomnOMINOUS set off with the following items: a +3
                  | dagger, a potion of haste, a potion of might; and the
                  | following spell memorised: Sandblast; and the following
                  | spells available to memorise: Stone Arrow.
     0 | D:1      | Reached XP level 1. HP: 16/16 MP: 2/2
   415 | D:1      | Reached XP level 2. HP: 21/21 MP: 3/3
   453 | D:1      | Found a faded altar of an unknown god.
   465 | D:1      | Prayed at the altar of an unknown god.
   465 | D:1      | Became a worshipper of Sif Muna the Loreminder
   465 | D:1      | Reached * piety under Sif Muna
   936 | D:2      | Reached XP level 3. HP: 26/26 MP: 5/5
  1111 | D:2      | Reached skill level 1 in Dodging
  1114 | D:2      | HP: 1/26 [poisoned by an adder]
  1527 | D:2      | Learned a level 3 spell: Stone Arrow
  1544 | D:2      | Reached XP level 4. HP: 31/31 MP: 6/6
  2330 | D:3      | Reached ** piety under Sif Muna
  2338 | D:3      | Found a runed translucent gate.
  2339 | D:3      | Found a runed translucent gate.
  2340 | D:3      | Found a runed translucent gate.
  2341 | D:3      | Noticed a kobold brigand
  2342 | D:3      | Noticed SuperHamster's ghost (amateur OpCj)
  2776 | D:3      | Reached XP level 5. HP: 32/36 MP: 8/8
  2896 | D:3      | Reached skill level 1 in Conjurations
  3100 | D:4      | Noticed Edmund
  3108 | D:4      | Killed Edmund
  3109 | D:4      | Reached XP level 6. HP: 42/43 MP: 9/9
  3294 | D:4      | Found a sand-covered staircase.
  3300 | Ossuary  | Entered an ossuary
  3579 | Ossuary  | Reached XP level 7. HP: 24/49 MP: 10/10
  3584 | Ossuary  | Reached *** piety under Sif Muna
  4195 | D:4      | Learned a level 2 spell: Passwall
  4200 | D:4      | Learned a level 4 spell: Summon Lightning Spire
  4217 | D:4      | Noticed Duvessa
  4222 | D:4      | Noticed Dowan
  4232 | D:4      | Gained mutation: Your muscles are strong. (Str +4,
                  | Int/Dex-1) [potion of mutation]
  4232 | D:4      | Gained mutation: One of your tentacles bears a spike.
                  | [potion of mutation]
  4232 | D:4      | Gained mutation: You are resistant to electric shocks.
                  | (rElec) [potion of mutation]
  4232 | D:4      | Slain by Duvessa

Illustrated notes

Levels and vault maps discovered:
D:1:      dpeg_arrival_three_bigger_balls, layout_rooms, basic_ecumenical_altar,
          minivault_23
D:2:      layout_loops_ring, st_stairs_2
D:3:      layout_loops_cross, gammafunk_ghost_nasty_kobolds
D:4:      layout_rooms, nicolae_ossuary_entry_giza, uniq_duvessa, uniq_edmund

Skill      XL: |  1  2  3  4  5  6  7 |
---------------+----------------------+-----
Dodging        | 1 2 3 |  3.4
Earth Magic    | 3 4 |  4.5
Spellcasting   | 2 |  2.0
Conjurations   | 1 2 3 |  3.1
Fighting       | 4 |  4.7
Stealth        | |  5.3

Action                   |  1- 3 |  4- 6 |  7- 9 || total
-------------------------+-------+-------+-------++-------
Melee: Dagger            |    53 |     4 |       ||    57
       Constrict         |    10 |    21 |     8 ||    39
       Tentacles         |     6 |    10 |     5 ||    21
       Short sword       |       |    41 |     9 ||    50
       Flail             |       |    39 |    16 ||    55
       Punch             |       |     1 |       ||     1
 Cast: Sandblast         |     4 |     3 |       ||     7
       Stone Arrow       |       |       |     3 ||     3
  Use: Potion            |       |     1 |     6 ||     7
       Scroll            |       |     1 |       ||     1
 Stab: Sleeping          |     9 |     9 |     3 ||    21
       Distracted        |     2 |       |       ||     2
Armor: Skin              |     6 |     3 |     1 ||    10
Dodge: Dodged            |    32 |    34 |    16 ||    82
Block: Other             |       |     5 |     2 ||     7

Table legend: (Time is in decaauts)
 A = Elapsed time spent in this place.
 B = Non-inter-level travel time spent in this place.
 C = Inter-level travel time spent in this place.
 D = Time resting spent in this place.
 E = Time spent auto-exploring this place.
 F = Levels seen in this place.
 G = Mean time per level.
                   A        B        C        D        E       F      G
               +--------+--------+--------+--------+--------+-----+--------+
         Total |   4265 |   4186 |     79 |   1189 |   2230 |   5 |  853.0 |
       Dungeon |   3582 |   3503 |     79 |    834 |   2040 |   4 |  895.5 |
       Ossuary |    682 |    682 |      0 |    355 |    190 |   1 |  682.0 |
               +--------+--------+--------+--------+--------+-----+--------+

Top non-repeatable levels by time:
     D:2: 1302 daAuts
     D:3: 979 daAuts
     D:1: 782 daAuts
 Ossuary: 682 daAuts
     D:4: 519 daAuts
